Cogmind - Beta 12 @@@ ROGUE MODE // 2023.03.31 @ 13:07:48 Player: Rohain Result: Destroyed by as-99692 with Assembled Heavy Rifle Performance ------------- Evolutions (0) 0 Regions Visited (2) 400 Robots Destroyed (11) 55 Value Destroyed (282) 282 Prototype IDs (0) 0 Alien Tech Used (0) 0 Bonus (0) 0 TOTAL SCORE: 737 Bonus ------- None Cogmind --------- Core Integrity 0/250 Matter 300/300 Energy 100/100 System Corruption 3% Temperature Cool (0) Movement Core (50) Location -10/Mines Parts ------- > --- POWER (1) -------- (None) > --- PROPULSION (2) --- (None) > --- UTILITY (2) ------ (None) > --- WEAPON (2) ------- (None) > --- INVENTORY (5) ---- Ion Engine Aluminum Leg Particle Gun Light Assault Rifle Light Assault Rifle Peak State ------------ > --- POWER ------------ Light Nuclear Core > --- PROPULSION ------- Aluminum Leg Aluminum Leg > --- UTILITY ---------- Medium Storage Unit Targeting Computer > --- WEAPON ----------- Assault Rifle Assault Rifle > --- INVENTORY -------- Ion Engine Light Ion Engine Aluminum Leg Aluminum Leg Aluminum Leg Large Storage Unit Targeting Computer Particle Gun Light Assault Rifle [Rating: 10] Favorites ----------- Power Light Nuclear Core Engine Light Ion Engine Power Core Light Nuclear Core Propulsion Aluminum Leg Leg Aluminum Leg Utility Targeting Computer Storage Small Storage Unit Processor Targeting Computer Weapon Assault Rifle Ballistic Gun Assault Rifle Build | -11 -10 -10 ------- Run | Jun Mat Min Slots Evolved . | . . . Power . | . . . Propulsion . | . . . Utility . | . . . Weapon . | . . . Parts Attached 18 | 6 9 3 Power 5 | 1 3 1 Engine 3 | 1 1 1 Core 2 | . 2 . Reactor . | . . . Propulsion 8 | 2 4 2 Treads . | . . . Leg 8 | 2 4 2 Wheel . | . . . Hover . | . . . Flight . | . . . Utility 3 | 1 2 . Device . | . . . Storage 2 | 1 1 . Processor 1 | . 1 . Hackware . | . . . Protection . | . . . Artifact . | . . . Weapon 2 | 2 . . Energy Gun . | . . . Energy Cannon . | . . . Ballistic Gun 2 | 2 . . Ballistic Cannon . | . . . Launcher . | . . . Special Weapon . | . . . Impact Weapon . | . . . Slashing Weapon . | . . . Piercing Weapon . | . . . Special Melee Weapon . | . . . Unidentified Prototypes . | . . . Parts Lost 10 | . 1 9 Power 3 | . 1 2 Propulsion 4 | . . 4 Utility 1 | . . 1 Weapon 2 | . . 2 Highest Loss Streak 5 | . 1 5 To Critical Strikes . | . . . Average Slot Usage (%) 94 | . 98 86 Engine 4 | . 5 3 Core 7 | . 7 7 Leg 26 | . 28 24 Storage 13 | . 14 12 Processor 14 | . 14 14 Ballistic Gun 26 | . 28 22 Naked Turns 3 | . . 3 Heaviest Build 19 | 12 19 19 Greatest Support 20 | 20 20 20 Greatest Overweight (x) 1 | . . 1 Average Overweight (x) . | . . . Largest Inventory Capacity 10 | 8 10 10 Average Capacity 8 | 6 8 9 Most Carried 10 | 2 9 10 Average Carried 5 | 1 5 8 Final Capacity 10 | 8 10 5 Final Carried 9 | 2 9 5 Class Distribution -------------------- 100% | Mutant Dominant Class ---------------- Mutant | -10/Materials Mutant | -10/Mines Resources | -11 -10 -10 ----------- Run | Jun Mat Min Matter Collected 518 | 248 235 35 Remotely . | . . . Salvage Created 355 | . 312 43 Parts 24 | . 18 6 Haulers Intercepted . | . . . Recyclers Shooed 1 | . 1 . Parts Field Recycled . | . . . Retrieved Matter . | . . . Parts Self-Destructed . | . . . Prevented . | . . . Kills | -11 -10 -10 ------- Run | Jun Mat Min Combat Hostiles Destroyed 9 | . 6 3 Guns 9 | . 6 3 Classes Destroyed 4 | . 3 1 Recycler 1 | . 1 . Watcher 1 | . 1 . Swarmer 3 | . . 3 Grunt 6 | . 6 . Best Kill Streak 6 | . 6 3 Combat Bots Only 4 | . 4 3 Max Kills in Single Turn 2 | . 2 2 Gunslinging 1 | . 1 1 Exploded . | . . . Melee . | . . . Uniques/NPCs Destroyed . | . . . Combat | -11 -10 -10 -------- Run | Jun Mat Min Damage Taken 1137 | . 338 799 Core 263 | . 60 203 Absorbed by Shields . | . . . Core Remaining (%) 100 | 100 . . Volleys Fired 28 | . 23 5 Largest 2 | . 2 2 Hottest 40 | . 40 40 Shots Fired 56 | . 46 10 Gun 56 | . 46 10 Cannon . | . . . Launcher . | . . . Special . | . . . Kinetic 56 | . 46 10 Thermal . | . . . Explosive . | . . . Electromagnetic . | . . . Robot Hit Streak 10 | . 10 10 Robot Miss Streak 3 | . 3 2 Penetration Max . | . . . Secondary Targets 3 | . 2 1 Max Gunslinging Chain 1 | . 1 1 Shots Hit Robots 42 | . 36 6 Core Hits 21 | . 16 5 Critical Kills . | . . . Critical Parts Destroyed . | . . . Critical Strikes . | . . . Melee Attacks . | . . . Impact . | . . . Slashing . | . . . Piercing . | . . . Sneak Attacks . | . . . Combat Hostiles . | . . . Follow-up Attacks . | . . . Damage Inflicted 573 | . 486 87 Guns 557 | . 486 71 Cannons . | . . . Explosions . | . . . Melee . | . . . Ramming 16 | . . 16 Kinetic 557 | . 486 71 Thermal . | . . . Explosive . | . . . Electromagnetic . | . . . Impact . | . . . Slashing . | . . . Piercing . | . . . Highest Corruption 3 | . . 3 Average Corruption 3 | . . 3 Corruption Purged . | . . . Corruption Blocked . | . . . Overload Shots . | . . . Overflow Damage . | . . . Projectiles . | . . . Explosions . | . . . Melee . | . . . Knockbacks . | . . . Impact . | . . . Kinetic . | . . . Secondary . | . . . Self-Inflicted Damage 6 | . . 6 Shots . | . . . Rammed 2 | . . 2 Targets Rammed 4 | . . 4 Kicked 2 | . . 2 Crushed . | . . . Highest Temperature 20 | . 20 15 Average Temperature 6 | . 6 5 Received Heat Transfer 430 | . 210 220 Siege Activations . | . . . Robots Corrupted . | . . . Combat Hostiles . | . . . Parts Fried . | . . . Impact Corruptions . | . . . Robots Melted . | . . . Combat Hostiles . | . . . Parts Melted . | . . . Heat Transferred . | . . . Parts Sabotaged . | . . . Parts Stolen . | . . . Parts Stripped . | . . . Power Chain Reactions . | . . . Missiles Intercepted . | . . . Alert | -11 -10 -10 ------- Run | Jun Mat Min Peak Influence 185 | . 183 185 Initial 70 | . . 70 Average 85 | . 71 144 Maximum Alert Level . | . . . Low Security (%) 100 | 100 100 100 Level 1 . | . . . Level 2 . | . . . Level 3 . | . . . Level 4 . | . . . Level 5 . | . . . High Security . | . . . Max Security . | . . . Squads Dispatched 1 | . 1 . Investigation . | . . . Extermination . | . . . Reinforcement 1 | . 1 . Assault . | . . . Garrison . | . . . Intercept . | . . . Searches Triggered . | . . . Construction Impeded . | . . . Haulers Reinforced . | . . . Active Scanning Responses . | . . . Cargo Convoy Interrupts . | . . . Stealth | -11 -10 -10 --------- Run | Jun Mat Min Distress Signals 3 | . 3 . Communications Jammed . | . . . Distress Signals . | . . . Times Spotted 23 | . 8 15 Peak Tracking Total 13 | . 3 13 Tactical Retreats 2 | . . 2 Traps | -11 -10 -10 ------- Run | Jun Mat Min Traps Triggered . | . . . Indirectly . | . . . Trap Hack Attempts . | . . . Triggered . | . . . Disarmed . | . . . Reprogrammed . | . . . Reused . | . . . Traps Extracted . | . . . Installed . | . . . Triggered . | . . . Machines | -11 -10 -10 ---------- Run | Jun Mat Min Machines Disabled . | . . . Max in Single Turn . | . . . Machines Repaired . | . . . Machines Sabotaged . | . . . Overloaded Fab Kills . | . . . Hacking | -11 -10 -10 --------- Run | Jun Mat Min Machines Accessed . | . . . Terminals . | . . . Fabricators . | . . . Repair Stations . | . . . Recycling Units . | . . . Scanalyzers . | . . . Garrison Access . | . . . Total Hacks . | . . . Successful . | . . . Failed . | . . . Catastrophic . | . . . Database Lockouts . | . . . Manual . | . . . Terminals . | . . . Fabricators . | . . . Repair Stations . | . . . Recycling Units . | . . . Scanalyzers . | . . . Garrison Access . | . . . Terminal Hacks . | . . . Fabricator Hacks . | . . . Repair Station Hacks . | . . . Recycling Unit Hacks . | . . . Scanalyzer . | . . . Garrison Access Hacks . | . . . Unauthorized Hacks . | . . . Terminals . | . . . Fabricators . | . . . Repair Stations . | . . . Recycling Units . | . . . Scanalyzers . | . . . Garrison Access . | . . . Data Cores Recovered . | . . . Used . | . . . Hacking Detections . | . . . Full Trace Events . | . . . Feedback Events . | . . . Feedback Blocked . | . . . Robot Schematics Acquired . | . . . Robots Built . | . . . Authchips . | . . . Time . | . . . Total Robot Build Rating . | . . . Part Schematics Acquired . | . . . Parts Built . | . . . Authchips . | . . . Time . | . . . Total Part Build Rating . | . . . Parts Repaired . | . . . Time . | . . . Parts Recycled . | . . . Recycled Matter . | . . . Retrieved Matter . | . . . Retrieved Components . | . . . Parts Scanalyzed . | . . . Part Schematics Acquired . | . . . Parts Damaged . | . . . Bothacking | -11 -10 -10 ------------ Run | Jun Mat Min Used RIF Installer . | . . . Robots Hacked . | . . . Non-combat . | . . . Combat . | . . . Robot Hacks Applied . | . . . Relay Couplers Released . | . . . Fabnet Peak Effective % . | . . . Robots Rewired . | . . . Allies Hacked . | . . . Hacks Repelled . | . . . Allies | -11 -10 -10 -------- Run | Jun Mat Min Total Allies . | . . . Largest Group . | . . . Highest-Rated Group . | . . . Highest-Rated Ally . | . . . Total Orders . | . . . Ally Attacks . | . . . Total Damage . | . . . Kills . | . . . Allies Corrupted . | . . . Allies Melted . | . . . Intel | -11 -10 -10 ------- Run | Jun Mat Min Robot Analysis Total . | . . . Derelict Logs Recovered . | . . . Drone Launches . | . . . Drone Recoveries . | . . . Exploration | -11 -10 -10 ------------- Run | Jun Mat Min Turns Passed 422 | 52 238 132 Spaces Moved 246 | 38 121 87 Core 9 | 5 . 4 Treads . | . . . Legs 237 | 33 121 83 Wheels . | . . . Hover . | . . . Flight . | . . . Fastest Speed 50 | 50 120 50 Average Speed 119 | 110 120 122 Slowest Speed 190 | 120 120 190 Overloaded Moves . | . . . Propulsion Burnouts . | . . . Robots Hopped . | . . . Cave-ins Triggered . | . . . Exploration Rate (%) 19 | 4 30 24 Regions Visited 2 Branch Regions 1 Pre-discovered Areas . | . . . Known Exits Taken . | . . . Unknown Exits Taken 2 | 1 1 . Scrap Searched 1 | . . 1 Spaces Dug . | . . . Terrain Destroyed . | . . . Melee . | . . . Projectile . | . . . AOE . | . . . Terrain Rammed . | . . . Walls Destroyed . | . . . Machines Disabled . | . . . Actions | -11 -10 -10 --------- Run | Jun Mat Min Total 315 | 45 169 101 Wait 8 | . 8 . Move 244 | 37 120 87 Hop . | . . . Pick Up 7 | 2 4 1 Fast Attach 9 | 6 3 . Attach 3 | . . 3 Detach 1 | . 1 . Swap 6 | . 6 . Drop 5 | . 4 1 Fire 28 | . 23 5 Melee . | . . . Ram 2 | . . 2 Kick 2 | . . 2 Crush . | . . . Escape Stasis . | . . . Rewire . | . . . Trap . | . . . Miscellaneous . | . . . Route ------- -11/Junkyard -10/Materials -10/Mines History --------- Turn | Location | Event 3 | -11/Junkyard | Discovered new exit (range 15) 53 | -11/Junkyard | Entered Materials 180 | -10/Materials | Discovered new exit (range 8) 291 | -10/Materials | Entered Mines 310 | -10/Mines | Assembled infested the area 315 | -10/Mines | Build established: Mutant 411 | -10/Mines | Lost 4 parts (1p2n1w) 418 | -10/Mines | Core integrity fell below 50% 421 | -10/Mines | Core integrity fell below 20% 423 | -10/Mines | Destroyed by as-99692 with Assembled Heavy Rifle Last Messages --------------- 00310_ ALERT: Infestation in the mines, dispatching Demolisher response squad. 00361_ Lgt. Nuclear Core destroyed. 00366_ Searching scrap... 00366_ Found Targeting Computer. 00366_ Found 40 Matter. 00367_ Acquired 6 matter. 00370_ Aluminum Leg destroyed. 00377_ Kicked T-07 Excavator. 00380_ Assault Rifle destroyed. 00395_ Kicked T-07 Excavator out of the way. 00410_ Acquired 10 matter. 00415_ Assault Rifle destroyed. 00416_ Aluminum Leg destroyed. 00417_ Lgt. Ion Engine destroyed. 00418_ Dropped Med. Storage Unit. 00419_ Slammed into as-23494. 00420_ Targeting Computer destroyed. 00420_ System corrupted by crushing effect (+3). 00421_ as-87300 destroyed. Map ----- +----------------------------------------------------+ | | | | | | | | | | | | | | | | | | | | | | | ??????????????????????????????????? | | ??????????????????????????????????? | | ??????????????????????????????????? | | ???????????????????????????????##?? | | ?????????????????????#????????? #? | | ???????????????????? #????????? # | | ??????????????????? #????????? | | ????????????????### #????????? | | ???????????????# #???????? | | ??????????????? ####????? | | ??????????????? ##????? | | ????###???????? #????? | | ???## ####???## * #????## | | ???#a! aa##### a ????? | | ???#!!%aaa@ * #????????????# # | | ???##%a a a % #??????####### # | | ????######## ! #??????# %! # | | ????####### #??????# ##### # | | ???## #??????# #??# | | ???# ##??????# #??# | | ???# ######### #??## | | ???# ## #???## | | ???## ### ## ###### #????# | | ????### ??## ## #???? #????# | | ??????## ???# #???? ????# | | ???????## ??# #####???? #???# | | ????????# ? ! #???????? ##???## | | ????????## #??????? ###?????## | | ?????????### ##???????#?????????# | | ???????????####???????????????????? | | ??????????????????????????????????? | | ??????????????????????????????????? | | ??????????????????????????????????? | | ??????????????????????????????????? | | ??????????????????????????????????? | | ??????????????????????????????????? | | ??????????????????????????????????? | | ??????????????????????????????????? | | ??????????????????????????????????? | +----------------------------------------------------+ Best States ------------- Heat Dissipation 25 Energy Generation 14 Energy Capacity 160 Matter Stores 300 Matter Capacity 300 Sight Range 16 Terrain Scan Density 10 Evasion (%) 55 Targeting Accuracy 5 Item Schematics ----------------- None Robot Schematics ------------------ None Fabricated ------------ Nothing Alien Tech Used ----------------- None Achievements -------------- None Challenges ------------ None Game ------ Seed ControlUtilityPrototype Manual? 0 Play Time 00:05:37 Cumulative 24.4 hours Start 2023.03.31 @ 13:03:49 End 2023.03.31 @ 13:07:48 Sessions 1 Manual Loads 0 Difficulty Rogue Special Mode None Game No. 43 Rogue 27 Adventurer 16 Explorer 0 Win Type - Total 1 Types 1/0/0/0/0/0/0/0/0 Lore% 18 Gallery% 35 Achievement% 33 Wizard Run 0 Options --------- ASCII 0 Keyboard 0 Movement Mouse Keybinds 0 Fullscreen 1 Font 18/SmallcapsGlow Map View 76x50 Tactical HUD 1 Map Filters NONE Filters NONE Steam 1 RUN: 07278fba-25e5-48c4-a5dd-da9ac4c4162a